 Dungeon Crawl Stone Soup version 0.31-a0-750-gfe7b580527 (webtiles) character file.

Game seed: 103891919362595078

5852 subawu the Grappler (level 10, 0/115 HPs)
             Began as a Gnoll Shapeshifter on Sept 14, 2023.
             Slain by a yak (1 damage)
             ... on level 9 of the Dungeon.
             The game lasted 00:37:43 (9974 turns).

subawu the Grappler (Gnoll Shapeshifter)            Turns: 9974, Time: 00:37:44

Health: 0/115      AC: 25    Str: 17    XL:     10   Next: 81%
Magic:  18/18      EV:  2    Int: 10    God:
Gold:   1427       SH:  0    Dex: 12    Spells: 20/20 levels left

rFire   . .          .
                       - Unarmed
rCold   . . .        (no shield)
rNeg    . . .        y - melded +0 plate armour
rPois   +            g - melded +0 helmet
rElec   .            F - melded +5 cloak of Vopu {rF++ rC- rN+ Regen+}
rCorr   .            o - melded +0 pair of gloves
SInv    .            r - melded +0 pair of boots
Will    .....        (no amulet)
Stlth   +++          (no ring)
HPRegen 0.39/turn    (no ring)
MPRegen 0.16/turn

%: no passive effects
@: tree-form
A: stationary, stasis, torment immunity, boosted hp, (fangs 1), strong nose,
distributed training
a: no special abilities


You were on level 9 of the Dungeon.
You were a tree.
You visited 2 branches of the dungeon, and saw 10 of its levels.
You also visited: Sewer.

You collected 1427 gold pieces.

Inventory:

Hand Weapons
 G - a +4 spear
Missiles
 e - 140 stones
 C - 2 atropa-tipped darts
Armour
 a - a +0 animal skin
 g - a +0 helmet (melded)
 h - a +1 hat
 o - a +0 pair of gloves (melded)
 r - a +0 pair of boots (melded)
 s - a scarf of resistance
 t - a +0 robe
 y - a +0 plate armour (melded)
 F - the +5 cloak of Vopu (melded) {rF++ rC- rN+ Regen+}
   (You found it on level 4 of the Dungeon)

   rF++:      It greatly protects you from fire.
   rC-:       It makes you vulnerable to cold.
   rN+:       It protects you from negative energy.
   Regen+:    It increases your rate of health regeneration.
 K - +0 steam dragon scales
 M - a +0 scale mail
Jewellery
 f - a ring of fire
 k - an amulet of reflection
 x - a ring of protection from fire
 I - a +6 ring of intelligence
Talismans
 c - a beast talisman
 d - a flux talisman
 u - a blade talisman
 z - a serpent talisman
 D - a beast talisman
Wands
 i - a wand of paralysis (13)
 E - a wand of light (22)
 H - a wand of polymorph (7)
Scrolls
 j - a scroll of summoning
 l - a scroll of revelation
 q - 4 scrolls of identify
 w - a scroll of immolation {unknown}
 A - 2 scrolls of poison
 L - a scroll of torment {unknown}
 O - a scroll of teleportation
Potions
 m - a potion of haste {unknown}
 n - 3 potions of curing
 p - 2 potions of mutation {unknown}
 v - a potion of might
 B - a potion of invisibility
 J - a potion of enlightenment {unknown}
 N - a potion of cancellation {unknown}


   Skills:
 + Level 6.3 Fighting
 + Level 5.7 Short Blades
 + Level 5.7 Long Blades
 + Level 5.7 Axes
 + Level 5.7 Maces & Flails
 + Level 5.7 Polearms
 + Level 5.7 Staves
 + Level 5.7 Ranged Weapons
 + Level 5.7 Throwing
 + Level 5.7 Armour
 + Level 7.4 Dodging
 + Level 5.7 Stealth
 + Level 5.7 Shields
 + Level 8.8 Unarmed Combat
 + Level 5.7 Spellcasting
 + Level 4.7 Conjurations
 + Level 4.7 Hexes
 + Level 4.7 Summonings
 + Level 4.7 Necromancy
 + Level 4.7 Translocations
 + Level 4.7 Transmutations
 + Level 4.7 Fire Magic
 + Level 4.7 Ice Magic
 + Level 4.7 Air Magic
 + Level 4.7 Earth Magic
 + Level 4.7 Poison Magic
 + Level 6.3 Invocations
 + Level 5.7 Evocations
 + Level 8.4 Shapeshifting


You had 20 spell levels left.
You didn't know any spells.
Your spell library contained the following spells:

 Spells                   Type           Power      Damage    Failure   Level
 Kiss of Death            Conj/Necr      48%        2d9       3%          1
 Magic Dart               Conj           48%        1d5       3%          1
 Call Imp                 Summ           24%        N/A       4%          2
 Call Canine Familiar     Summ           12%        N/A       9%          3
 Confusing Touch          Hex            12%        N/A       9%          3
 Mephitic Cloud           Conj/Pois/Air  12%        N/A       9%          3
 Sigil of Binding         Hex            12%        N/A       9%          3
 Dimensional Bullseye     Hex/Tloc       6%         N/A       30%         4
 Dispel Undead            Necr           12%        3d9       30%         4
 Leda's Liquefaction      Hex/Erth       6%         N/A       30%         4
 Passage of Golubria      Tloc           12%        N/A       30%         4
 Silence                  Hex/Air        6%         N/A       63%         5
 Lehudib's Crystal Spear  Conj/Erth      6%         10d3      100%        8


Dungeon Overview and Level Annotations

Branches:
Dungeon (9/15)             Temple (1/1) D:4             Orc (0/2) D:9
  Sewer (visited)
   Lair: D:8-11

Altars:
Ashenzari
Cheibriados
Dithmenos
Elyvilon
Fedhas
Gozag
Hepliaklqana
Kikubaaqudgha
Makhleb
Nemelex Xobeh
Okawaru
Qazlal
Ru
Sif Muna
Trog
Uskayaw
Vehumet
Wu Jian
Xom
Yredelemnul
Zin
The Shining One

Shops:
D:1 =   D:2 *:?


Innate Abilities, Weirdness & Mutations

You are a tree.
Your roots penetrate the ground, keeping you stationary.
You cannot be teleported.
You are immune to unholy pain and torment.
Your maximum health is greatly increased.
Your equipment is partially melded.
((You have very sharp teeth.))
Your uncanny sense of smell can sniff out nearby items.
Your experience applies equally to all skills.


Message History

The yak barely misses you. The yak gores you but does no damage.
You hit the yak.
The yak glows dangerously bright.
You bite the yak.
The yak is lightly wounded.
The yak gores you.
* * * LOW HITPOINT WARNING * * *
The yak gores you but does no damage. The yak barely misses you.
You hit the yak.
The yak shudders as magic cascades through it!!
The yak twists and deforms.
You bite the yak, but do no damage.
The yak is almost dead.
The yak gores you but does no damage. x3
You completely miss the yak.
The yak is almost dead.
The yak stops glowing.
You closely miss the yak.
The yak is almost dead.
The yak gores you.
* * * LOW HITPOINT WARNING * * *
The yak gores you!
* * * LOW HITPOINT WARNING * * *
The yak gores you but does no damage.
Your transformation has ended.
You turn into a tree.
The +5 cloak of Vopu {rF++ rC- rN+ Regen+} melds into your body.
Your +0 helmet melds into your body.
Your +0 pair of gloves melds into your body.
Your +0 pair of boots melds into your body.
Your +0 plate armour melds into your body.
Your roots penetrate the ground.
The yak gores you.
* * * LOW HITPOINT WARNING * * *
The yak gores you.
* * * LOW HITPOINT WARNING * * *
The yak gores you but does no damage.
Unknown command.
Unknown command.
Unknown command.
You pummel the yak!!
You kill the yak!
The yak gores you but does no damage. The yak gores you.
You die...

..8.....# .....####
###..<.. ....##
∆....... ###.#
#...... . #)# ###
#.#...# . #.# #..
#...8.#
.##.###.####.._..#
.....##.#..#...8)#
.<#..##.#..#.#.Y♣####
###..##.#<[#...Y....#
......#.#[######.##.#
#####.............# #
###....#..##....#
#.##...#########
#....>.........#
###............#
#............#


You could see 2 yaks.

Vanquished Creatures
  Pikel (D:7)
  A hornet (D:9)
  Prince Ribbit (D:6)
  2 wyverns
  6 yaks
  A steam dragon (D:8)
  A water moccasin (D:8)
  2 sky beasts (D:7)
  3 orc warriors
  2 black bears
  3 ogres
  2 centaurs
  A phantom (D:5)
  A lemure (D:7)
  A bullfrog (D:8)
  3 kobold brigands
  12 wights
  11 killer bees
  2 howler monkeys (D:9)
  9 orc priests
  4 hounds
  3 jellies (Sewer)
  3 iguanas
  Ijyb (D:5)
  8 orc wizards
  8 gnolls
  2 river rats
  9 adders
  A shadow imp (D:6)
  A white imp (D:6)
  2 ufetubi
  3 worms
  4 dart slugs
  25 orcs
  8 bats
  15 endoplasms
  8 giant cockroaches
  10 goblins
  11 hobgoblins
  56 kobolds
  5 quokkas
  13 ball pythons
  6 frilled lizards
  11 rats
  A spectral orc (D:4)
283 creatures vanquished.

Vanquished Creatures (collateral kills)
  A hobgoblin (D:4)
  2 kobolds (D:4)
3 creatures vanquished.

Grand Total: 286 creatures vanquished

Notes
Turn   | Place    | Note
-------+----------+-------------------------------------------
     0 | D:1      | subawu the Gnoll Shapeshifter began the quest for the Orb.
     0 | D:1      | Reached XP level 1. HP: 17/17 MP: 1/1
    47 | D:1      | Reached XP level 2. HP: 18/23 MP: 2/2
   321 | D:1      | Reached XP level 3. HP: 23/28 MP: 3/3
   417 | D:1      | Found Rirayn's Jewellery Boutique.
   599 | D:1      | Reached skill level 1 in Invocations
   965 | D:2      | Found Edirauch's Book Shop.
  1022 | D:2      | Found Wotump's Assorted Antiques.
  1030 | D:2      | Reached skill level 1 in Short Blades
  1030 | D:2      | Reached skill level 1 in Long Blades
  1030 | D:2      | Reached skill level 1 in Axes
  1030 | D:2      | Reached skill level 1 in Maces & Flails
  1030 | D:2      | Reached skill level 1 in Polearms
  1030 | D:2      | Reached skill level 1 in Staves
  1030 | D:2      | Reached skill level 1 in Ranged Weapons
  1030 | D:2      | Reached skill level 1 in Throwing
  1030 | D:2      | Reached skill level 1 in Armour
  1030 | D:2      | Reached skill level 1 in Stealth
  1030 | D:2      | Reached skill level 1 in Shields
  1030 | D:2      | Reached skill level 1 in Spellcasting
  1030 | D:2      | Reached skill level 1 in Evocations
  1066 | D:2      | Reached XP level 4. HP: 33/34 MP: 5/5
  1208 | D:2      | Found Niyzxu's Magic Scroll Shop.
  1451 | D:2      | Reached skill level 1 in Conjurations
  1451 | D:2      | Reached skill level 1 in Hexes
  1451 | D:2      | Reached skill level 1 in Summonings
  1451 | D:2      | Reached skill level 1 in Necromancy
  1451 | D:2      | Reached skill level 1 in Translocations
  1451 | D:2      | Reached skill level 1 in Transmutations
  1451 | D:2      | Reached skill level 1 in Fire Magic
  1451 | D:2      | Reached skill level 1 in Ice Magic
  1451 | D:2      | Reached skill level 1 in Air Magic
  1451 | D:2      | Reached skill level 1 in Earth Magic
  1451 | D:2      | Reached skill level 1 in Poison Magic
  2145 | D:3      | Reached XP level 5. HP: 36/40 MP: 6/6
  2381 | D:3      | Found an iron altar of Okawaru.
  3309 | D:4      | Found a shimmering altar of Xom.
  3416 | D:4      | Found a basalt altar of Yredelemnul.
  3469 | D:4      | Reached XP level 6. HP: 26/47 MP: 8/8
  3485 | D:4      | Identified the +5 cloak of Vopu {rF++ rC- rN+ Regen+}
  3668 | D:4      | Found a staircase to the Ecumenical Temple.
  3687 | Temple   | Entered the Ecumenical Temple
  4168 | D:4      | Found a shimmering altar of Xom.
  4335 | D:4      | Noticed a black bear
  4343 | D:4      | Killed a black bear
  4344 | D:4      | Reached skill level 5 in Dodging
  4691 | D:4      | Reached XP level 7. HP: 34/52 MP: 10/10
  5331 | D:4      | Identified a scroll of acquirement
  5331 | D:4      | Acquired 723 gold pieces
  5665 | D:5      | Entered Level 5 of the Dungeon
  5997 | D:5      | Reached XP level 8. HP: 58/60 MP: 12/12
  6047 | D:5      | Noticed Ijyb
  6054 | D:5      | Killed Ijyb
  6366 | D:5      | Found a glowing drain.
  6402 | Sewer    | Entered a sewer
  6567 | Sewer    | Found a viscous altar of Jiyva.
  6807 | D:6      | Noticed Prince Ribbit
  6822 | D:6      | Killed Prince Ribbit
  6961 | D:6      | Found an ornate altar of the Wu Jian Council.
  7272 | D:6      | Reached XP level 9. HP: 66/66 MP: 14/14
  7373 | D:7      | Noticed Pikel
  7398 | D:7      | Killed Pikel
  7399 | D:7      | Reached skill level 5 in Fighting
  7689 | D:7      | Found a flagged portal.
  7960 | D:7      | Reached skill level 5 in Invocations
  8055 | D:7      | You fall into a shaft and drop 1 floor!
  8774 | D:8      | Reached XP level 10. HP: 75/75 MP: 17/17
  8809 | D:8      | Reached skill level 5 in Short Blades
  8809 | D:8      | Reached skill level 5 in Long Blades
  8809 | D:8      | Reached skill level 5 in Axes
  8809 | D:8      | Reached skill level 5 in Maces & Flails
  8809 | D:8      | Reached skill level 5 in Polearms
  8809 | D:8      | Reached skill level 5 in Staves
  8809 | D:8      | Reached skill level 5 in Ranged Weapons
  8809 | D:8      | Reached skill level 5 in Throwing
  8809 | D:8      | Reached skill level 5 in Armour
  8809 | D:8      | Reached skill level 5 in Stealth
  8809 | D:8      | Reached skill level 5 in Shields
  8809 | D:8      | Reached skill level 5 in Spellcasting
  8809 | D:8      | Reached skill level 5 in Evocations
  9295 | D:9      | Found a staircase to the Orcish Mines.
  9672 | D:9      | Found a blossoming altar of Fedhas.
  9950 | D:9      | Found a white marble altar of Elyvilon.
  9973 | D:9      | HP: 5/115 [yak (3)]
  9973 | D:9      | HP: 1/115 [yak (4)]
  9974 | D:9      | Slain by a yak

Illustrated notes

Levels and vault maps discovered:
D:1:      shiori_arrival_oz, layout_basic, serial_shops, shop
D:2:      minmay_angry_zag, layout_basic, serial_shops, shop,
          nicolae_lakefront_shop, nicolae_diamond_shop
D:3:      layout_basic, mainiacjoe_overflow_cross_hatched, minmay_diced_spiral
D:4:      minmay_goblin_kobold_castle, layout_basic,
          yredelemnul_forgotten_temple_becter, xom_redecorated,
          minmay_temple_entry_statues_fountains,
          hangedman_abyss_or_decor_stagger, hangedman_decor_slide_cut,
          kennysheep_small_square
D:5:      layout_rooms, portal_sewer_entry_a, minmay_strange_pillars,
          serial_bayou_lagoon_a, minmay_misc_feat_nine_boxes, uniq_ijyb
D:6:      layout_basic, overflow_temple_1_default, uniq_prince_ribbit1
D:7:      layout_rooms, enter_bailey_8, uniq_pikel
D:8:      layout_loops_ring
D:9:      layout_basic, david_orc_2, hangedman_feature_mirror
Temple:   hc_temple_tempest_star

Skill      XL: |  1  2  3  4  5  6  7  8  9 10 |
---------------+-------------------------------+-----
Invocations    | 1 2 3 4 5 6 |  6.3
Short Blades   | 1 2 3 4 5 |  5.7
Long Blades    | 1 2 3 4 5 |  5.7
Axes           | 1 2 3 4 5 |  5.7
Maces & Flails | 1 2 3 4 5 |  5.7
Polearms       | 1 2 3 4 5 |  5.7
Staves         | 1 2 3 4 5 |  5.7
Ranged Weapons | 1 2 3 4 5 |  5.7
Throwing       | 1 2 3 4 5 |  5.7
Armour         | 1 2 3 4 5 |  5.7
Stealth        | 1 2 3 4 5 |  5.7
Shields        | 1 2 3 4 5 |  5.7
Spellcasting   | 1 2 3 4 5 |  5.7
Evocations     | 1 2 3 4 5 |  5.7
Conjurations   | 1 2 3 4 |  4.7
Hexes          | 1 2 3 4 |  4.7
Summonings     | 1 2 3 4 |  4.7
Necromancy     | 1 2 3 4 |  4.7
Translocations | 1 2 3 4 |  4.7
Transmutations | 1 2 3 4 |  4.7
Fire Magic     | 1 2 3 4 |  4.7
Ice Magic      | 1 2 3 4 |  4.7
Air Magic      | 1 2 3 4 |  4.7
Earth Magic    | 1 2 3 4 |  4.7
Poison Magic   | 1 2 3 4 |  4.7
Fighting       | 3 4 5 6 |  6.3
Dodging        | 5 6 7 |  7.4
Unarmed Combat | 7 8 |  8.8
Shapeshifting  | 7 8 |  8.4

Action                     |  1- 3 |  4- 6 |  7- 9 | 10-12 || total
---------------------------+-------+-------+-------+-------++-------
  Melee: Unarmed           |    58 |   189 |   420 |   222 ||   889
         Bite              |     5 |    17 |    45 |    44 ||   111
         Punch             |     1 |     5 |     3 |       ||     9
  Evoke: Wand              |       |       |       |     1 ||     1
    Use: Scroll            |       |     5 |    10 |     1 ||    16
         Potion            |       |       |     4 |     5 ||     9
   Stab: Sleeping          |       |     2 |       |       ||     2
         Paralysed         |       |       |       |     1 ||     1
 Armour: Animal skin       |    37 |    38 |       |       ||    75
         Plate armour      |       |   205 |   512 |   290 ||  1007
         Skin              |       |       |       |     8 ||     8
  Dodge: Dodged            |    72 |   108 |   156 |   109 ||   445
         Form:             |     1 |     2 |       |       ||     3
         Beast             |     1 |     2 |       |       ||     3
         Flux              |       |       |     1 |       ||     1

Table legend: (Time is in decaauts)
 A = Elapsed time spent in this place.
 B = Non-inter-level travel time spent in this place.
 C = Inter-level travel time spent in this place.
 D = Time resting spent in this place.
 E = Time spent auto-exploring this place.
 F = Levels seen in this place.
 G = Mean time per level.
                   A        B        C        D        E       F      G
               +--------+--------+--------+--------+--------+-----+--------+
         Total |   9942 |   9503 |    439 |   1011 |   4254 |  11 |  903.8 |
       Dungeon |   9372 |   9056 |    316 |   1011 |   4218 |   9 | 1041.3 |
        Temple |    252 |    129 |    123 |      0 |      0 |   1 |  252.0 |
         Sewer |    317 |    317 |      0 |      0 |     35 |   1 |  317.0 |
               +--------+--------+--------+--------+--------+-----+--------+

Top non-repeatable levels by time:
     D:4: 2097 daAuts
     D:3: 1191 daAuts
     D:2: 1143 daAuts
     D:7: 985 daAuts
     D:8: 979 daAuts
     D:1: 955 daAuts
     D:5: 771 daAuts
     D:6: 649 daAuts
     D:9: 598 daAuts
   Sewer: 317 daAuts
  Temple: 252 daAuts
